 Dungeon Crawl Stone Soup version 0.29-a0-520-gc852659d43 (webtiles) character file.

Game seed: 6360034601225289163

9195 testman the Merchant of Misery (level 11, -15/99 HPs)
             Began as a Deep Dwarf Necromancer on May 29, 2022.
             Was a Believer of Kikubaaqudgha.
             Demolished by a red ugly thing (19 damage)
             ... on level 10 of the Dungeon on May 31, 2022.
             The game lasted 01:03:49 (11984 turns).

testman the Merchant of Misery (DDNe)              Turns: 11984, Time: 01:03:49

Health: -15/99     AC:  7    Str: 14    XL:     11   Next: 19%
Magic:  17/20      EV: 12    Int: 20    God:    Kikubaaqudgha [**....]
Gold:   372        SH:  0    Dex: 19    Spells: 4/23 levels left

rFire   . . .      SeeInvis .   n - +6 short sword of Innocence {freeze, Str+2}
rCold   . . .      Faith    .   l - orb {mayhem}
rNeg    . . .      Spirit   .   a - +0 robe
rPois   +          Reflect  .   s - +2 hat
rElec   .          Harm     .   v - +0 cloak
rCorr   .          Rampage  .   (no gloves)
Will    +....                   j - +1 pair of boots
Stlth   ++........              u - amulet of the acrobat
HPRegen 0.00/turn               E - ring of poison resistance
MPRegen 0.17/turn               K - +6 ring of dexterity

@: no status effects
A: damage resistance, heal wounds, sense surroundings 2, no regeneration
a: Heal Wounds, Renounce Religion, Unearth Wretches


You were on level 10 of the Dungeon.
You worshipped Kikubaaqudgha.
Kikubaaqudgha was pleased with you.
You visited 2 branches of the dungeon, and saw 12 of its levels.
You also visited: Ossuary.

You collected 514 gold pieces.
You spent 142 gold pieces at shops.

Inventory:

Hand Weapons
 n - the +6 short sword of Innocence (weapon) {freeze, Str+2}
   (You found it on level 2 of the Dungeon)

   It freezes those it strikes, dealing additional cold damage.
   It can also slow down cold-blooded creatures.
   Str:       It affects your strength (+2).
Missiles
 e - 3 javelins
 w - 6 boomerangs
 z - 7 poisoned darts
 I - a throwing net
Armour
 a - a +0 robe (worn)
 j - a +1 pair of boots (worn)
 l - an orb of mayhem (worn)
 s - a +2 hat (worn)
 v - a +0 cloak (worn)
Jewellery
 h - a ring of see invisible
 u - an amulet of the acrobat (around neck)
 E - a ring of poison resistance (left hand)
 F - an amulet of guardian spirit
 K - a +6 ring of dexterity (right hand)
Wands
 y - a wand of mindburst (16)
 A - a wand of flame (15)
Scrolls
 d - 4 scrolls of teleportation
 g - 4 scrolls of enchant weapon
 i - a scroll of silence {unknown}
 k - 4 scrolls of poison
 m - 3 scrolls of noise {unknown}
 B - 3 scrolls of fear {unknown}
 G - 2 scrolls of immolation {unknown}
 H - a scroll of enchant armour {unknown}
 J - a scroll of identify
 L - a scroll of vulnerability {unknown}
 N - a scroll of torment {unknown}
Potions
 b - 3 potions of magic
 c - 5 potions of curing
 f - 6 potions of cancellation
 o - a potion of resistance {unknown}
 p - 5 potions of might
 q - 2 potions of attraction
 r - a potion of berserk rage {unknown}
 t - 3 potions of mutation
 x - 3 potions of invisibility
 C - 2 potions of flight {unknown}
 D - 2 potions of ambrosia {unknown}
 M - a potion of degeneration {unknown}


   Skills:
 + Level 6.9 Fighting
 + Level 4.3 Short Blades
 - Level 2.1 Dodging
 - Level 2.4 Stealth
 + Level 6.5 Spellcasting
 + Level 14.7 Necromancy


You had 4 spell levels left.
You knew the following spells:

 Your Spells              Type           Power      Damage    Failure   Level
a - Necrotize             Necr           100%       1d9       1%          1
b - Vampiric Draining     Necr           60%        2d10      1%          3
c - Animate Dead          Necr           60%        N/A       1%          4
d - Dispel Undead         Necr           60%        3d21      1%          4
e - Agony                 Necr           60%        N/A       1%          5
f - Sublimation of Blood  Necr           60%        N/A       1%          2

Your spell library contained the following spells:

 Spells                   Type           Power      Damage    Failure   Level
 Apportation              Tloc           12%        N/A       10%         1
 Freeze                   Ice            24%        1d5       10%         1
 Summon Small Mammal      Summ           24%        N/A       10%         1
 Static Discharge         Conj/Air       6%         N/A       16%         2
 Wereblood                Tmut           6%         N/A       16%         2
 Conjure Flame            Conj/Fire      6%         6-21      30%         3
 Frozen Ramparts          Ice            12%        1d3       30%         3
 Gell's Gravitas          Tloc           6%         N/A       30%         3
 Ignite Poison            Fire/Tmut/Pois 6%         N/A       30%         3
 Lesser Beckoning         Tloc           6%         N/A       30%         3
 Teleport Other           Tloc           6%         N/A       30%         3
 Hailstorm                Conj/Ice       6%         3d4       69%         4
 Sticky Flame             Conj/Fire      6%         2d3       69%         4
 Summon Hydra             Summ           3%         N/A       100%        7


Dungeon Overview and Level Annotations

Branches:
Dungeon (11/15)            Temple (1/1) D:7            Lair (0/6) D:10
Ossuary (visited)
    Orc: D:9-12

Altars:
Ashenzari
Cheibriados
Dithmenos
Elyvilon
Fedhas
Gozag
Hepliaklqana
Kikubaaqudgha
Makhleb
Nemelex Xobeh
Okawaru
Qazlal
Ru
Sif Muna
Trog
Uskayaw
Vehumet
Wu Jian
Xom
Yredelemnul
Zin
The Shining One

Shops:
D:7 *   D:10 [

Annotations:
D:8 1 runed translucent door, SuperStayin's ghost, novice HOBe


Innate Abilities, Weirdness & Mutations

You are resistant to damage.
You can heal yourself by infusing magical energy.
You passively map the area around you.
You do not regenerate.


Message History

You climb downwards.
Your mindless puppet stays behind to rot.
The gnoll sergeant shouts!
You hear an angry buzzing noise.
You hear two shouts!
You hear an angry buzzing noise.
There is a stone staircase leading up here.
There is a stone staircase leading up here.
Found a stone staircase leading down.
A centaur comes into view.
There is a stone staircase leading up here.
The red ugly thing misses you.
The centaur shouts!
You hear an angry buzzing noise.
You hear a shout!
The red ugly thing punches you!
You are engulfed in flames!
* * * LOW HITPOINT WARNING * * *
You hear an angry buzzing noise. x2
You climb upwards.
Your yak zombie gores the red ugly thing.
Your yak zombie closely misses the red ugly thing.
Your yak zombie barely misses the red ugly thing.
There is a stone staircase leading down here.
You swap places.
The red ugly thing punches you.
* * * LOW HITPOINT WARNING * * *
You are engulfed in flames!!
* * * LOW HITPOINT WARNING * * *
Casting: Vampiric Draining (safe; 1% risk of failure)
Confirm with . or Enter, or press ? or * to list all spells.
Aiming: Vampiric Draining (safe; 1% risk of failure)
Press: ? - help, Shift-Dir - straight line, f - red ugly thing
Aim: a red ugly thing (lightly wounded, ally target)
You draw life force from the red ugly thing!!
You feel life coursing into your body!
Your yak zombie gores the red ugly thing!
The red ugly thing punches you.
* * * LOW HITPOINT WARNING * * *
You are engulfed in flames!
* * * LOW HITPOINT WARNING * * *
You swap places.
The red ugly thing attacks as you move away!
The red ugly thing punches you.
You are engulfed in flames!!
You die...
Kikubaaqudgha rasps: "You have failed me!
Welcome... death!"

..ZZZ...# ##.##........#
#####...# #......>....#
########.##........#
#..^..###.......#
#.###.###.......# #.#
#...>.......# #.#
#####Z##..#.# ##### #.#
#>##..#.#
##...###.#######@##..#.#
..#...##......ZZu##..#.#
#.....##..#########..#.#
##...(##Z.# #..ZZ...#.#
..Z#...Z..# #.#####.#.#
..≈#...##.# #.#####.#.#
..Z#Z#Z##.####.........#
##...#Z##......#####...#
#....#.#######.# #...#


You could see a red ugly thing (ally target) and 4 friendly yak zombies.

Vanquished Creatures
  A two-headed ogre (D:9)
  An oklob plant (D:10)
  Joseph (D:7)
  2 unseen horrors
  A kobold demonologist (D:9)
  A shadow (D:9)
  2 wraiths
  3 wyverns (D:9)
  4 yaks (D:10)
  A steam dragon (D:4)
  Menkaure (Ossuary)
  Duvessa (D:7)
  An orc warrior (D:9)
  2 sky beasts
  An ice beast (D:8)
  A black bear (D:8)
  2 ogres (D:5)
  2 centaurs (D:6)
  3 phantoms
  A kobold brigand (D:6)
  5 bullfrogs
  3 necrophages
  5 scorpions
  Dowan (D:7)
  14 killer bees
  2 howler monkeys
  2 electric eels (D:9)
  A jelly (D:6)
  7 hounds
  5 orc priests
  3 iguanas
  Natasha (twice) (D:3)
  11 orc wizards
  3 mummies (Ossuary)
  9 gnolls
  4 adders
  A shadow imp (D:7)
  3 worms
  3 dart slugs
  13 orcs
  5 endoplasms
  5 giant cockroaches
  4 gnoll zombies (Ossuary)
  4 goblins
  8 hobgoblins
  11 kobolds
  2 quokkas
  6 ball pythons
  5 bats
  4 frilled lizards
  4 gnoll skeletons (Ossuary)
  4 goblin skeletons (Ossuary)
  2 goblin zombies (Ossuary)
  8 hobgoblin skeletons (Ossuary)
  A hobgoblin zombie (Ossuary)
  4 kobold skeletons (Ossuary)
  7 kobold zombies (Ossuary)
  An orc skeleton (Ossuary)
  4 orc zombies (Ossuary)
  5 rats
  4 rat skeletons (Ossuary)
  5 rat zombies (Ossuary)
232 creatures vanquished.

Vanquished Creatures (collateral kills)
  3 yaks (D:10)
  A water moccasin (D:6)
  An orc warrior (D:9)
  2 centaurs
  4 killer bees (D:6)
  2 electric eels (D:9)
  2 howler monkeys (D:9)
  A hound (D:6)
  A jelly (D:6)
  A gnoll shaman (D:8)
  An orc priest (D:9)
  2 iguanas
  3 orc wizards
  3 killer bee zombies
  3 gnolls
  2 shadow imps
  A white imp (D:6)
  3 orcs (D:6)
  A goblin (D:1)
  6 orc zombies
  2 rat zombies (Ossuary)
45 creatures vanquished.

Vanquished Creatures (others)
  2 yaks (D:10)
  A bullfrog (D:8)
  4 killer bees
  A centaur zombie (D:9)
  2 scorpion zombies
  10 killer bee zombies
  A hound zombie (D:6)
  An orc (D:9)
  2 kobolds (D:6)
  3 gnoll zombies
  3 kobold zombies (D:6)
  7 orc zombies
  20 plants
57 creatures vanquished.

Grand Total: 334 creatures vanquished

Notes
Turn   | Place    | Note
-------+----------+-------------------------------------------
     0 | D:1      | testman the Deep Dwarf Necromancer began the quest for the
                  | Orb.
     0 | D:1      | Reached XP level 1. HP: 15/15 MP: 3/3
   176 | D:1      | Reached XP level 2. HP: 17/22 MP: 3/5
   734 | D:1      | Found a faded altar of an unknown god.
  1094 | D:2      | Reached skill level 5 in Necromancy
  1094 | D:2      | Reached XP level 3. HP: 22/28 MP: 1/6
  1098 | D:2      | Learned a level 3 spell: Vampiric Draining
  1801 | D:2      | Identified the +6 short sword of Innocence {freeze, Str+2}
  2060 | D:2      | Reached XP level 4. HP: 36/36 MP: 3/7
  2756 | D:3      | Noticed Natasha
  2763 | D:3      | Killed Natasha
  2764 | D:3      | Reached skill level 6 in Necromancy
  3194 | D:3      | Noticed Natasha
  3211 | D:3      | Killed Natasha
  3212 | D:3      | Reached XP level 5. HP: 41/42 MP: 3/8
  3338 | D:4      | Noticed a steam dragon
  3370 | D:4      | Killed a steam dragon
  3371 | D:4      | Reached skill level 7 in Necromancy
  3371 | D:4      | Reached XP level 6. HP: 48/49 MP: 3/9
  3376 | D:4      | Learned a level 4 spell: Animate Dead
  3768 | D:4      | Reached skill level 8 in Necromancy
  4125 | D:5      | Entered Level 5 of the Dungeon
  4125 | D:5      | Noticed a sky beast
  4219 | D:5      | Killed a sky beast
  4220 | D:5      | Reached skill level 9 in Necromancy
  4220 | D:5      | Reached XP level 7. HP: 46/55 MP: 5/10
  4459 | D:5      | Reached skill level 10 in Necromancy
  4634 | D:5      | Reached XP level 8. HP: 33/62 MP: 2/11
  4776 | D:5      | Reached skill level 11 in Necromancy
  5272 | D:6      | Reached skill level 12 in Necromancy
  5512 | D:6      | Gained mutation: You passively map the area around you.
                  | [Deep Dwarf growth]
  5512 | D:6      | Reached XP level 9. HP: 61/68 MP: 7/15
  5616 | D:6      | Learned a level 4 spell: Dispel Undead
  5622 | D:6      | Learned a level 5 spell: Agony
  5720 | D:6      | Reached skill level 1 in Fighting
  5797 | D:6      | Reached skill level 5 in Spellcasting
  6212 | D:7      | Found a sand-covered staircase.
  6251 | Ossuary  | Entered an ossuary
  6630 | Ossuary  | Noticed Menkaure
  6638 | Ossuary  | Killed Menkaure
  6829 | D:7      | Noticed Joseph
  6842 | D:7      | Killed Joseph
  6843 | D:7      | Reached skill level 13 in Necromancy
  6981 | D:7      | Found Cikiz's General Store.
  7057 | D:7      | Bought a potion of might for 60 gold pieces
  7057 | D:7      | Bought a scroll of poison for 52 gold pieces
  7057 | D:7      | Bought a scroll of identify for 30 gold pieces
  7119 | D:7      | Found a staircase to the Ecumenical Temple.
  7132 | Temple   | Entered the Ecumenical Temple
  7457 | Temple   | Became a worshipper of Kikubaaqudgha
  7836 | D:7      | Noticed Duvessa
  7837 | D:7      | Noticed Dowan
  7842 | D:7      | Killed Duvessa
  7845 | D:7      | Killed Dowan
  8290 | D:8      | Identified the +1 broad axe of Nurphadgh {vorpal, *Rage rN+
                  | Will+}
  8325 | D:8      | Found a runed translucent door.
  8325 | D:8      | Found a shimmering altar of Xom.
  8325 | D:8      | Noticed SuperStayin's ghost (novice HOBe)
  8325 | D:8      | Noticed a +0 rapier of chaos
  8381 | D:8      | Reached skill level 5 in Fighting
  8381 | D:8      | Reached XP level 10. HP: 62/88 MP: 8/17
  8386 | D:8      | Learned a level 2 spell: Sublimation of Blood
  8617 | D:8      | Reached skill level 1 in Short Blades
  9256 | D:9      | Reached * piety under Kikubaaqudgha
  9256 | D:9      | Received a gift from Kikubaaqudgha
  9268 | D:9      | Reached skill level 14 in Necromancy
  9824 | D:9      | Noticed a two-headed ogre
  9837 | D:9      | Killed a two-headed ogre
 10435 | D:10     | Entered Level 10 of the Dungeon
 10441 | D:10     | Found an opulent altar of Gozag.
 10468 | D:10     | Noticed an oklob plant
 10470 | D:10     | Found a staircase to the Lair.
 11110 | D:10     | Upgraded the game from 0.29-a0-512-gf59ac788ac to
                  | 0.29-a0-520-gc852659d43
 11180 | D:10     | Reached XP level 11. HP: 89/99 MP: 8/20
 11200 | D:10     | Reached ** piety under Kikubaaqudgha
 11439 | D:10     | Found Vukk's Armour Boutique.
 11664 | D:10     | Killed an oklob plant
 11972 | D:11     | Noticed a red ugly thing
 11983 | D:10     | HP: 4/99 [red ugly thing (13)]
 11984 | D:10     | Demolished by a red ugly thing

Illustrated notes

Levels and vault maps discovered:
D:1:      roderic_dead_forest, layout_loops_ring,
          dreamdust_ecumenical_altar_angels_and_demons, minmay_hedge_maze,
          st_stairs_7, grunt_decor_one_mirror
D:2:      layout_loops_corners, minivault_24
D:3:      layout_basic, uniq_natasha
D:4:      layout_loops_cross, chequers_serial_rivers_small_3
D:5:      layout_rooms, minmay_misc_feat_rows, cheibrodos_gnoll_hut
D:6:      layout_basic
D:7:      layout_basic, minmay_temple_entry_butterflies,
          nicolae_ossuary_entry_ruins, serial_shops, shop_fountains,
          uniq_duvessa, uniq_joseph
D:8:      layout_loops_cross, ebering_ghost_xom
D:9:      layout_cave_pods, minmay_misc_feat_encased, chequers_big_river
D:10:     layout_loops_ring, nicolae_gozag_seed_capital, dpeg_oklobed_lair,
          serial_shops, nicolae_shop_crystal
D:11:     cheibrodos_ideogram_h, layout_loops_ring, orc_0_dummy, serial_glass,
          glass_columns_a, glass_columns_b
Temple:   regret_index_temple_sigil_plot

Skill      XL: |  1  2  3  4  5  6  7  8  9 10 11 |
---------------+----------------------------------+-----
Spellcasting   | 2 4 5 6 |  6.5
Necromancy     | 5 6 7 9 10 12 13 14 | 14.7
Fighting       | 5 6 |  6.9
Short Blades   | 3 4 |  4.3
Dodging        | |  2.1
Stealth        | |  2.4

Action                   |  1- 3 |  4- 6 |  7- 9 | 10-12 || total
-------------------------+-------+-------+-------+-------++-------
Melee: Short sword       |    25 |    39 |   253 |    69 ||   386
       Unarmed           |     7 |       |       |       ||     7
Throw: Javelin           |       |     3 |     1 |       ||     4
 Cast: Necrotize         |    61 |    39 |    16 |    20 ||   136
       Vampiric Draining |     3 |     4 |    70 |    67 ||   144
       Animate Dead      |       |     1 |     6 |     4 ||    11
       Dispel Undead     |       |       |     8 |     2 ||    10
       Agony             |       |       |       |     1 ||     1
  Use: Potion            |       |       |     2 |       ||     2
       Scroll            |       |       |     6 |       ||     6
 Stab: Sleeping          |     3 |     3 |     4 |     2 ||    12
       Distracted        |       |       |     1 |       ||     1
Armor: Robe              |     9 |    13 |    85 |    26 ||   133
Dodge: Dodged            |    26 |    22 |   223 |    85 ||   356

Table legend: (Time is in decaauts)
 A = Elapsed time spent in this place.
 B = Non-inter-level travel time spent in this place.
 C = Inter-level travel time spent in this place.
 D = Time resting spent in this place.
 E = Time spent auto-exploring this place.
 F = Levels seen in this place.
 G = Mean time per level.
                   A        B        C        D        E       F      G
               +--------+--------+--------+--------+--------+-----+--------+
         Total |  12023 |  11582 |    441 |   2569 |   7105 |  13 |  924.8 |
       Dungeon |  11122 |  10733 |    389 |   2448 |   6730 |  11 | 1011.1 |
        Temple |    349 |    297 |     52 |      0 |    279 |   1 |  349.0 |
       Ossuary |    551 |    551 |      0 |    121 |     96 |   1 |  551.0 |
               +--------+--------+--------+--------+--------+-----+--------+

Top non-repeatable levels by time:
    D:10: 1536 daAuts
     D:9: 1396 daAuts
     D:7: 1200 daAuts
     D:2: 1141 daAuts
     D:3: 1114 daAuts
     D:1: 1074 daAuts
     D:8: 1002 daAuts
     D:5: 948 daAuts
     D:4: 888 daAuts
     D:6: 809 daAuts
 Ossuary: 551 daAuts
  Temple: 349 daAuts
    D:11: 8 daAuts
